 Seeded DCSS version 0.29-a0-878-g7b45a56547 (webtiles) character file.

Game seed: 10092441578668863297 (custom seed)

1246 zeratav the Basher (level 8, 0/64 HPs)
             Began as a Minotaur Fighter on July 20, 2022.
             Was an Initiate of Hepliaklqana.
             Succumbed to a killer bee's poison
             ... on level 6 of the Dungeon.
             The game lasted 00:06:05 (4925 turns).

zeratav the Basher (Minotaur Fighter)               Turns: 4925, Time: 00:06:05

Health: 0/64       AC:  9    Str: 23    XL:     8   Next: 25%
Magic:  7/7        EV:  9    Int:  5    God:    Hepliaklqana [......]
Gold:   272        SH:  4    Dex: 10    Spells: 7/7 levels left

rFire   . . .      SeeInvis .   m - +1 flail (holy) {mace}
rCold   + . .      Faith    .   c - +0 buckler
rNeg    . . .      Spirit   .   b - +0 scale mail
rPois   +          Reflect  .   (helmet restricted)
rElec   .          Harm     .   (no cloak)
rCorr   .          Rampage  .   (no gloves)
Will    +....                   i - +1 pair of boots "Yloporeegaf" {rPois rC+}
Stlth   ..........              (no amulet)
HPRegen 0.20/turn               s - ring of willpower
MPRegen 0.10/turn               (no ring)

@: lethally poisoned (0 -> -12), flying
A: horns 2, retaliatory headbutt
a: Renounce Religion


You were on level 6 of the Dungeon.
You worshipped Hepliaklqana.
Hepliaklqana was noncommittal.
You visited 2 branches of the dungeon, and saw 7 of its levels.

You collected 272 gold pieces.


Innate Abilities, Weirdness & Mutations

You have a pair of horns on your head.
You reflexively headbutt those who attack you in melee.


   Skills:
 - Level 3.6 Fighting
 + Level 12.1 Maces & Flails
 - Level 3.6 Armour
 - Level 3.6 Shields


You had 7 spell levels left.
You didn't know any spells.
Your spell library was empty.

Inventory:

Hand Weapons
 g - a +0 eveningstar {macerare=g}
   (You found it on level 1 of the Dungeon)
 m - a +1 flail of holy wrath (weapon) {mace}
   (You found it on level 5 of the Dungeon)
Missiles
 z - 6 curare-tipped darts (quivered) {=fthrowing}
Armour
 b - a +0 scale mail (worn)
 c - a +0 buckler (worn)
 i - the +1 pair of boots "Yloporeegaf" (worn) {rPois rC+}
   (You acquired it on level 3 of the Dungeon)

   rC:        It protects you from cold.
   rPois:     It protects you from poison.
Jewellery
 s - a ring of willpower (left hand)
   (You found it on level 3 of the Dungeon)
Scrolls
 e - 2 scrolls of poison {!r}
 f - a scroll of summoning
 k - a scroll of enchant weapon {unknown}
 n - a scroll of magic mapping {!r}
 o - a scroll of brand weapon
 p - 2 scrolls of immolation {unknown}
 q - 3 scrolls of teleportation {unknown}
 t - 2 scrolls of blinking {unknown}
 u - 2 scrolls of torment {unknown}
 x - 3 scrolls of identify {@r1}
 y - 2 scrolls of amnesia {unknown}
 A - a scroll of fear
Potions
 a - a potion of berserk rage {unknown}
 d - 2 potions of might
 h - 2 potions of curing {unknown}
 j - a potion of lignification {unknown}
 l - a potion of magic {unknown}
 r - a potion of mutation {unknown}
 v - a potion of brilliance
 w - a potion of heal wounds {unknown}
 B - a potion of degeneration {unknown}
 C - a potion of flight
 D - a potion of haste {unknown}

Dungeon Overview and Level Annotations

Branches:
Dungeon (6/15) Zot: 26988  Temple (1/1) D:5 Zot: 5976

Altars:
Ashenzari
Dithmenos
Elyvilon
Gozag
Hepliaklqana
Kikubaaqudgha
Nemelex Xobeh
Okawaru
Sif Muna
Uskayaw
Vehumet
Wu Jian
Xom

Shops:
D:4 [

Annotations:
D:4 2 runed translucent doors, jimonade's ghost, novice KoBr

#......#
#......#
#......#
#[...".#
#####......#
..........#
#.......+
#.y.y...###
#.#@y......
# ###...###
.....# )...#
....# o..#
...#


You could see 3 killer bees.


Message History

The killer bee misses you. You furiously retaliate!
You headbutt the killer bee. The killer bee stings you.
The killer bee stings you but does no damage.
The killer bee stings you. x3
HP[-7]
You take 7 damage, and now have 56/64 hp.
You hit the killer bee.
The killer bee stings you but does no damage.
You block the killer bee's attack.
The killer bee stings you but does no damage. x3
The killer bee stings you. x2; You block the killer bee's attack.
HP[-1]
You take 1 damage, and now have 55/64 hp.
You sock the killer bee!
You kill the killer bee!
The killer bee barely misses you. The killer bee closely misses you.
The killer bee stings you but does no damage.
You barely miss the killer bee. Your headbutt misses the killer bee.
The killer bee stings you but does no damage.
The killer bee barely misses you. The killer bee misses you.
The killer bee barely misses you. You furiously retaliate!
You headbutt the killer bee.
The killer bee stings you but does no damage.
The killer bee barely misses you. You furiously retaliate!
You headbutt the killer bee. The killer bee barely misses you.
The killer bee stings you.
HP[-6]
You take 6 damage, and now have 49/64 hp.
You barely miss the killer bee. You headbutt the killer bee.
The killer bee stings you!
You are poisoned.
The killer bee poisons you! The killer bee barely misses you.
The killer bee stings you but does no damage.
The killer bee barely misses you. The killer bee stings you. x2
You are more poisoned.
The killer bee poisons you!
The killer bee stings you but does no damage.
You block the killer bee's attack.
HP[-16]
You take 16 damage, and now have 33/64 hp.
MASSIVE DAMAGE!! (PAUSE)
You barely miss the killer bee.
You feel very sick. You block the killer bee's attack.
The killer bee barely misses you. x2
The killer bee stings you but does no damage. x2
You block the killer bee's attack.
The killer bee stings you but does no damage. x2
HP[-3]
You take 3 damage, and now have 30/64 hp.
You are too injured to fight recklessly!
You are too injured to fight recklessly!
You barely miss the killer bee.
You feel sick. The killer bee stings you.
* * * LOW HITPOINT WARNING * * *
The killer bee stings you.
* * * LOW HITPOINT WARNING * * *
The killer bee barely misses you. You furiously retaliate!
You headbutt the killer bee!
The killer bee stings you but does no damage.
HP[-6]
You take 6 damage, and now have 24/64 hp.
You hit the killer bee but do no damage.
You feel sick. The killer bee stings you.
* * * LOW HITPOINT WARNING * * *
The killer bee barely misses you. The killer bee closely misses you.
You block the killer bee's attack. The killer bee completely misses you.
The killer bee stings you but does no damage.
The killer bee barely misses you. You furiously retaliate!
You headbutt the killer bee.
You kill the killer bee!
The killer bee closely misses you. You furiously retaliate!
You headbutt the killer bee!
Your Maces & Flails skill increases to level 12!
HP[-5]
You take 5 damage, and now have 19/64 hp.
An orc comes into view. It is wielding a +0 dagger.
You feel sick. You block the killer bee's attack. x3
The killer bee stings you but does no damage.
The killer bee stings you.
* * * LOW HITPOINT WARNING * * *
You are more poisoned.
The killer bee poisons you! The killer bee stings you.
* * * LOW HITPOINT WARNING * * *
HP[-6]
You take 6 damage, and now have 13/64 hp.
* * * LOW HITPOINT WARNING * * *
You feel very sick. The killer bee stings you.
* * * LOW HITPOINT WARNING * * *
The killer bee stings you.
* * * LOW HITPOINT WARNING * * *
The killer bee closely misses you. x2; You furiously retaliate!
You headbutt the killer bee. You block the killer bee's attack.
The killer bee stings you but does no damage.
There is a stone staircase leading up, spattered with blood here.
HP[-10]
You take 10 damage, and now have 3/64 hp.
It was a potion of flight.
You feel very buoyant.
You fly up into the air.
You die...

Skill      XL: |  1  2  3  4  5  6  7  8 |
---------------+-------------------------+-----
Maces & Flails | 3 4 5 6 8 9 11 12 | 12.1
Fighting       | |  3.6
Armour         | |  3.6
Shields        | |  3.6

Action                   |  1- 3 |  4- 6 |  7- 9 || total
-------------------------+-------+-------+-------++-------
Melee: Flail             |    82 |    95 |   106 ||   283
       Headbutt          |     9 |    12 |    20 ||    41
  Use: Scroll            |       |     7 |     1 ||     8
       Potion            |       |       |     1 ||     1
Armor: Scale mail        |    35 |    33 |    62 ||   130
Dodge: Dodged            |    45 |    41 |    63 ||   149
Block: Buckler           |    10 |    20 |    34 ||    64

Levels and vault maps discovered:
D:1:      dpeg_arrival_round_b, layout_loops_ring, basic_ecumenical_altar,
          st_stairs_7, minmay_box_of_dots
D:2:      layout_rooms, uniq_natasha
D:3:      layout_loops_ring
D:4:      layout_loops_ring, kb_xom_exploding_sheep, serial_shops,
          nicolae_shop_crystal, ebering_ghost_disaster_area,
          ebering_dispersal_statue_hall, minmay_surrounded
D:5:      layout_rooms, nicolae_sif_muna_little_library,
          minmay_temple_entry_poolview, st_stairs_5
D:6:      layout_basic, nicolae_overflow_hidden_temple, uniq_maggie,
          uniq_eustachio
Temple:   minmay_freezing_vapour_temple

Notes
Turn   | Place    | Note
-------+----------+-------------------------------------------
     0 | D:1      | zeratav the Minotaur Fighter began the quest for the Orb.
     0 | D:1      | Reached XP level 1. HP: 19/19 MP: 0/0
     0 | D:1      | magus.rc [v1.9.6]
   108 | D:1      | Reached skill level 3 in Maces & Flails
   152 | D:1      | Reached XP level 2. HP: 25/26 MP: 1/1
   253 | D:1      | Reached skill level 4 in Maces & Flails
   348 | D:1      | g - a +0 eveningstar {macerare=g}
   405 | D:1      | Reached XP level 3. HP: 28/31 MP: 2/2
   527 | D:1      | Found a faded altar of an unknown god.
   991 | D:2      | HP: 7/31 [poisoned by an adder]
  1268 | D:2      | Reached skill level 5 in Maces & Flails
  1546 | D:2      | Reached XP level 4. HP: 39/39 MP: 3/3
  1593 | D:2      | Noticed Natasha
  1608 | D:2      | Killed Natasha
  1720 | D:2      | Reached skill level 6 in Maces & Flails
  1792 | D:2      | Noticed Natasha
  1801 | D:2      | Killed Natasha
  1802 | D:2      | Reached XP level 5. HP: 36/45 MP: 4/4
  1842 | D:2      | Noticed Natasha
  1847 | D:2      | Killed Natasha
  2032 | D:3      | Identified a scroll of acquirement
  2032 | D:3      | Acquired the +1 pair of boots "Yloporeegaf" {rPois rC+}
  2295 | D:3      | Reached skill level 7 in Maces & Flails
  2593 | D:4      | Noticed a water moccasin
  2607 | D:4      | Killed a water moccasin
  2608 | D:4      | Reached skill level 8 in Maces & Flails
  2608 | D:4      | Reached XP level 6. HP: 27/51 MP: 5/5
  3120 | D:4      | Reached skill level 9 in Maces & Flails
  3128 | D:4      | Reached XP level 7. HP: 53/57 MP: 6/6
  3245 | D:4      | Found Biloidepno's Antique Armour Shoppe.
  3262 | D:4      | Found a large runed translucent door.
  3262 | D:4      | Found a large runed translucent door.
  3266 | D:4      | Noticed jimonade's ghost (novice KoBr)
  3623 | D:4      | Noticed a dream sheep
  3623 | D:4      | Noticed a dream sheep
  3623 | D:4      | Noticed a dream sheep
  3623 | D:4      | Noticed a dream sheep
  3623 | D:4      | Noticed a dream sheep
  3623 | D:4      | Found a shimmering altar of Xom.
  3626 | D:4      | Killed a dream sheep
  3626 | D:4      | Killed a dream sheep
  3626 | D:4      | Killed a dream sheep
  3626 | D:4      | Killed a dream sheep
  3626 | D:4      | HP: 12/57 [spore (27)]
  3627 | D:4      | Reached skill level 10 in Maces & Flails
  3632 | D:4      | Killed a dream sheep
  3977 | D:5      | Entered Level 5 of the Dungeon
  4179 | D:5      | Reached skill level 11 in Maces & Flails
  4383 | D:4      | Reached XP level 8. HP: 64/64 MP: 7/7
  4560 | D:5      | Found a shimmering blue altar of Sif Muna.
  4841 | D:5      | Found a staircase to the Ecumenical Temple.
  4851 | Temple   | Entered the Ecumenical Temple
  4856 | Temple   | Became a worshipper of Hepliaklqana the Forgotten
  4923 | D:6      | Reached skill level 12 in Maces & Flails
  4923 | D:6      | HP: 16/64 [killer bee (1)]
  4924 | D:6      | HP: 3/64 [killer bee (6)]
  4925 | D:6      | Succumbed to a killer bee's poison

Vanquished Creatures
  A water moccasin (D:4)
  A black bear (D:4)
  An ogre (D:4)
  A phantom (D:5)
  2 scorpions (D:5)
  3 killer bees (D:6)
  A howler monkey (D:4)
  A hound (D:5)
  4 jellies
  2 iguanas (D:4)
  Natasha (thrice) (D:2)
  11 adders
  4 gnolls (D:3)
  A shadow imp (D:5)
  An ufetubus (D:5)
  4 dart slugs
  9 orcs
  2 ball pythons
  5 endoplasms
  3 giant cockroaches
  4 goblins
  6 hobgoblins
  14 jackals
  3 kobolds
  3 quokkas (D:1)
  8 bats
  A frilled lizard (D:2)
  5 rats
104 creatures vanquished.

Vanquished Creatures (others)
  5 dream sheep (D:4)
5 creatures vanquished.

Grand Total: 109 creatures vanquished

Table legend:
 A = Non-vault XP
 B = Vault XP
 C = Vault XP percentage of total XP
 D = Non-vault monster count
 E = Vault monster count
 F = Vault count percentage of total count
                 A         B        C        D         E       F
            +---------+---------+-------+---------+---------+-------
      Total |    1444 |     336 |  18.9 |      94 |      11 |  10.5
            +---------+---------+-------+---------+---------+-------
        D:1 |      53 |       4 |   7.0 |      27 |       3 |  10.0
        D:2 |     142 |      33 |  18.9 |      18 |       1 |   5.3
        D:3 |      80 |       0 |   0.0 |      12 |       0 |   0.0
        D:4 |     587 |     193 |  24.7 |      17 |       4 |  19.0
        D:5 |     397 |     106 |  21.1 |      17 |       3 |  15.0
        D:6 |     185 |       0 |   0.0 |       3 |       0 |   0.0
            +---------+---------+-------+---------+---------+-------

Illustrated notes

Table legend:
 A = Kills in this place as a percentage of kills in entire the game.
 B = Kills by you in this place as a percentage of kills by you in the entire game.
 C = Kills by friends in this place as a percentage of kills by friends in the entire game.
 D = Other kills in this place as a percentage of other kills in the entire game.
 E = Experience gained in this place as a percentage of experience gained in the entire game.
 F = Experience gained in this place divided by the number of levels of this place that you have seen.
                   A       B       C       D       E      F
               +-------+-------+-------+-------+-------+----------------------
         Total | 100.0 | 100.0 |   N/A | 100.0 | 100.0 | 254.3
       Dungeon | 100.0 | 100.0 |   N/A | 100.0 | 100.0 | 296.7
               +-------+-------+-------+-------+-------+----------------------

Table legend: (Time is in decaauts)
 A = Elapsed time spent in this place.
 B = Non-inter-level travel time spent in this place.
 C = Inter-level travel time spent in this place.
 D = Time resting spent in this place.
 E = Time spent auto-exploring this place.
 F = Levels seen in this place.
 G = Mean time per level.
                   A        B        C        D        E       F      G
               +--------+--------+--------+--------+--------+-----+--------+
         Total |   4953 |   4819 |    134 |   1072 |   3128 |   7 |  707.6 |
       Dungeon |   4930 |   4806 |    124 |   1072 |   3115 |   6 |  821.7 |
        Temple |     23 |     14 |      9 |      0 |     13 |   1 |   23.0 |
               +--------+--------+--------+--------+--------+-----+--------+

Top non-repeatable levels by time:
     D:4: 1638 daAuts
     D:1: 1140 daAuts
     D:2: 830 daAuts
     D:5: 659 daAuts
     D:3: 650 daAuts
  Temple: 23 daAuts
     D:6: 11 daAuts
